 Dungeon Crawl Stone Soup version 0.31-a0-496-g6f97920a28 (webtiles) character file.

Game seed: 415662372491359085

32 AstroCodex24 the Trooper (level 3, -5/29 HPs)
             Began as a Vampire Fighter on Aug 8, 2023.
             Killed by nerve-wracking pain
             ... invoked by Grinder
              (12 damage)
             ... on level 3 of the Dungeon.
             The game lasted 00:02:36 (517 turns).

AstroCodex24 the Trooper (Vampire Fighter)           Turns: 517, Time: 00:02:37

Health: -5/29      AC:  6    Str: 17    XL:     3   Next: 10%
Magic:  3/3        EV:  9    Int: 10    God:
Gold:   19         SH:  4    Dex: 13    Spells: 2/2 levels left

rFire   . . .        a - +0 war axe
rCold   . . .        c - +0 buckler
rNeg    . . .        b - +0 scale mail
rPois   .            (no helmet)
rElec   .            (no cloak)
rCorr   .            (no gloves)
SInv    +            (no boots)
Will    .....        (no amulet) Stlth
                     (no ring)
HPRegen 0.44/turn    (no ring)
MPRegen 0.08/turn

%: no passive effects
@: healing quickly
A: alive, fangs 3, see invisible, vampiric 2
a: Exsanguinate


You were on level 3 of the Dungeon.
You visited 1 branch of the dungeon, and saw 3 of its levels.

You collected 19 gold pieces.

Inventory:

Hand Weapons
 a - a +0 war axe (weapon)
Armour
 b - a +0 scale mail (worn)
 c - a +0 buckler (worn)
Scrolls
 g - a scroll of revelation {unknown}
 h - a scroll of blinking {unknown}
 i - a scroll of identify {unknown}
 j - 2 scrolls of enchant weapon {unknown}
Potions
 d - a potion of might
 e - a potion of curing {unknown}
 f - a potion of brilliance {unknown}


   Skills:
 + Level 3.0 Fighting
 + Level 2.1 Axes
 + Level 2.8 Armour
 + Level 0.1 Dodging
 + Level 2.9 Shields


You had 2 spell levels left.
You didn't know any spells.
Your spell library was empty.

Dungeon Overview and Level Annotations

Branches:
Dungeon (3/15)

Altars:

Annotations:
D:3 Grinder


Innate Abilities, Weirdness & Mutations

Your natural rate of healing is accelerated.
You have razor-sharp teeth.
You have supernaturally acute eyesight. (SInv)
You are afflicted with vampirism and can become a bat while bloodless.


Message History

You completely miss Grinder. Grinder hits you.
You hit Grinder.
Grinder is lightly wounded.
Grinder gestures at you. You resist with significant effort.
You barely miss Grinder.
Grinder is lightly wounded.
Grinder gestures at you.
You shrug off the repeated paralysis!
Grinder hits you but does no damage.
You hit Grinder but do no damage. Your bite misses Grinder.
Grinder is lightly wounded.
Grinder closely misses you.
You completely miss Grinder.
Grinder is lightly wounded.
Grinder hits you.
You writhe in agony.
Grinder blinks!
You hit Grinder but do no damage.
Grinder is lightly wounded.
You block Grinder's attack.
You completely miss Grinder.
Grinder is lightly wounded.
Grinder closely misses you.
Grinder blinks!
Grinder blinks!
You barely miss Grinder.
Grinder is lightly wounded.
Grinder completely misses you.
You hit Grinder. You bite Grinder, but do no damage.
Grinder is moderately wounded.
Grinder gestures at you.
You suddenly lose the ability to move!
Grinder hits you.
You writhe in agony.
Grinder hits you.
You writhe in agony.
Grinder hits you.
You writhe in agony.
* * * LOW HITPOINT WARNING * * *
You can move again.
You hit Grinder. You bite Grinder.
Grinder is heavily wounded.
Grinder blinks!
Grinder says, "Mostly I couldn't keep them alive."
Grinder gestures at you. Pain shoots through your body!
You die...

########## ##..@.....#
#..####'''###
##5###≈≈...≈≈##
#..##≈≈~...~≈≈##
#.....##≈≈~.~.~.~≈≈##
#....##≈≈~...~...~≈≈## ##
...(..##≈≈~.~.~.~.~.~≈≈## .>
###..##≈≈~...~.♣.~...~≈≈###.
#.. ≈≈~.~.~.~.~.~.~.~≈≈##.


You could see Grinder.

Vanquished Creatures
  An adder (D:2)
  4 orcs (D:3)
  A giant cockroach (D:2)
  A hobgoblin (D:1)
  4 jackals (D:3)
  2 quokkas
  A ball python (D:2)
  A bat (D:3)
  A frilled lizard (D:2)
  2 kobolds
  A rat (D:1)
19 creatures vanquished.

Notes
Turn   | Place    | Note
-------+----------+-------------------------------------------
     0 | D:1      | AstroCodex24 the Vampire Fighter began the quest for the
                  | Orb.
     0 | D:1      | Reached XP level 1. HP: 17/17 MP: 1/1
   169 | D:1      | You fall into a shaft and drop 1 floor!
   211 | D:2      | Reached XP level 2. HP: 16/23 MP: 2/2
   378 | D:3      | Reached skill level 3 in Fighting
   436 | D:3      | Gained mutation: You are afflicted with vampirism and can
                  | become a bat while bloodless. [Vampire growth]
   436 | D:3      | Reached XP level 3. HP: 28/29 MP: 3/3
   475 | D:3      | Noticed Grinder
   486 | D:3      | Paralysed by Grinder for 2 turns
   510 | D:3      | Paralysed by Grinder for 3 turns
   517 | D:3      | Killed from afar by Grinder

Illustrated notes

Levels and vault maps discovered:
D:1:      heliophobic_arrival_ceremonial_halls, layout_basic, minivault_11,
          dk_noncrumbling_3, minmay_tromino_i4
D:2:      layout_rooms, dreamdust_ecumenical_altar_angels_and_demons
D:3:      layout_basic, mainiacjoe_overflow_boulevard,
          nicolae_kite_square_tiling_tiny, grunt_ministairs_9, chequers_garden,
          serial_bayou_pond_b, kennysheep_cluttered_room, serial_bayou_crossing,
          uniq_robin, uniq_grinder

Skill      XL: |  1  2 |
---------------+-------+-----
Fighting       | 3 |  3.0
Axes           | 2 |  2.1
Armour         | |  2.8
Dodging        | |  0.1
Shields        | |  2.9

Action                     || total
---------------------------++-------
  Melee: War axe           ||    66
         Bite              ||     5
 Armour: Scale mail        ||    45
  Dodge: Dodged            ||    42
  Block: Buckler           ||    28

Table legend: (Time is in decaauts)
 A = Elapsed time spent in this place.
 B = Non-inter-level travel time spent in this place.
 C = Inter-level travel time spent in this place.
 D = Time resting spent in this place.
 E = Time spent auto-exploring this place.
 F = Levels seen in this place.
 G = Mean time per level.
                   A        B        C        D        E       F      G
               +--------+--------+--------+--------+--------+-----+--------+
         Total |    552 |    552 |      0 |      0 |      0 |   3 |  184.0 |
       Dungeon |    552 |    552 |      0 |      0 |      0 |   3 |  184.0 |
               +--------+--------+--------+--------+--------+-----+--------+

Top non-repeatable levels by time:
     D:2: 212 daAuts
     D:1: 173 daAuts
     D:3: 166 daAuts
